AoeStats
← _The_Lion

Arabia

506543624Analyzed
1v1 RM · 19d ago on Sep 14, 2026· 47m 28s· 2 players
Game mode
Random Map
Map size
Tiny (2 player)
Population
200
Speed
Normal
Resources
Standard
Victory
Conquest
Starting age
Dark Age
Ending age
Imperial Age
RankedLock teamsTeams togetherTeam positionsShared explorationLock speedFull tech treeHidden civsTurbo modeCheats
Victory
Defeat
🇨🇦 Malay · Canada
1680
+14
🇲🇾 Persians · Malaysia
1636
-14
MAYBANK MUSIC
5:38 Loom
8:07 Feudal Age
9:28 Double-Bit Axe
12:02 Horse Collar
16:08 Padded Archer Armor
16:43 Fletching
23:49 Castle Age
23:01 Gold Mining
24:27 Bow Saw
23:40 Elite Skirmisher
24:26 Bodkin Arrow
31:36 Ballistics
33:02 Wheelbarrow
34:20 Husbandry
34:30 Bloodlines
38:17 Imperial Age
36:13 Scale Barding Armor
36:18 Forging
37:04 Light Cavalry
38:05 Chain Barding Armor
38:20 Iron Casting
38:28 Parthian Tactics
38:47 Leather Archer Armor
38:32 Scale Mail Armor
39:37 Plate Barding Armor
40:15 Chemistry
40:43 Heavy Cavalry Archer
42:36 Ring Archer Armor
42:50 Squires
44:25 Heavy Plow
44:59 Cavalier
46:31 Plate Barding Armor
46:56 Blast Furnace
47:14 Blast Furnace
_The_Lion
6:36 Loom
9:15 Feudal Age
11:28 Man-at-Arms
15:41 Fletching
22:31 Castle Age
21:03 Scale Barding Armor
21:09 Forging
21:18 Double-Bit Axe
21:15 Horse Collar
21:52 Gold Mining
23:49 Husbandry
29:38 Bow Saw
30:45 Bodkin Arrow
31:26 Light Cavalry
35:05 Wheelbarrow
37:32 Imperial Age
36:56 Bodkin Arrow
37:01 Padded Archer Armor
36:42 Crossbowman
37:28 Thumb Ring
37:26 Town Watch
37:53 Bracer
38:41 Ballistics
39:22 Chemistry
39:41 Leather Archer Armor
39:55 Arbalester
41:29 Gold Mining
41:32 Stone Mining
41:31 Pikeman
42:11 Squires
42:19 Halberdier
44:20 Iron Casting
46:06 Conscription
46:21 Arson
Connection lost

Rejoining the realm…

Still unreachable

The connection could not be restored.

Session expired

The server has moved on; the page needs a fresh start.